[Event "Titled Tuesday Blitz June 07 Late 2022"]
[White "Derraugh, Geordie"]
[Black "Matlakov, Maxim"]
[WhiteFideId "2603950"]
[BlackFideId "4168003"]
[WhiteElo "2116"]
[BlackElo "2669"]
[Result "0-1"]
[Round "03"]
[TimeControl "180+1"]
[Date "2022.06.07"]
[WhiteClock "0:00:03"]
[BlackClock "0:00:50"]

1. e4 c5 2. Nf3 d6 3. Bb5+ Bd7 4. Bxd7+ Nxd7 5. O-O Ngf6 6. Qe2 e6 7. c4 Rc8 8. d4 cxd4 9. Nxd4 a6 10. Rd1 Qa5 11. b3 Be7 12. Bb2 O-O 13. Nc3 Rfe8 14. a4 Bf8 15. Kh1 h6 16. f4 Qh5 17. Qxh5 Nxh5 18. g3 Nc5 19. Rab1 Nf6 20. Re1 e5 21. fxe5 dxe5 22. Nf3 Nxb3 23. Nd5 Nc5 24. Bxe5 Nfxe4 25. a5 Nf2+ 26. Kg2 Nfd3 27. Re3 Nxe5 28. Rxe5 Rxe5 29. Nxe5 Re8 30. Nf3 Re4 31. Rb4 Re2+ 32. Kh3 Ra2 33. Nh4 Rxa5 34. Nf5 Ra2 35. Rb1 g6 36. Nfe7+ Kg7 37. Nc8 h5 38. Ncb6 Ne6 39. g4 Bd6 40. gxh5 gxh5 41. Rh1 Ng5+ 42. Kh4 Kh6 43. Nf6 Ra3 44. Nxh5 Nf3+ 45. Kg4 Ne5+ 46. Kf5 Kxh5 47. Rd1 Bc7 48. Na8 Bb8 49. Rd8 Rf3+ 50. Ke4 f5+ 0-1


[Site "https://www.chess.com"]

[Event "Titled Tuesday Blitz June 07 Late 2022"]
[White "Dubov, Daniil"]
[Black "Vasquez Schroeder, Rodrigo"]
[WhiteFideId "24126055"]
[BlackFideId "3400042"]
[WhiteElo "2791"]
[BlackElo "2567"]
[Result "1-0"]
[Round "03"]
[TimeControl "180+1"]
[Date "2022.06.07"]
[WhiteClock "0:00:56"]
[BlackClock "0:00:32"]

1. c4 g6 2. Nc3 Bg7 3. d4 Nf6 4. Nf3 O-O 5. Bg5 d6 6. e3 c6 7. Be2 a6 8. O-O b5 9. a3 bxc4 10. Bxc4 Nbd7 11. e4 d5 12. Bd3 dxe4 13. Nxe4 Rb8 14. Qd2 Qb6 15. b4 Nxe4 16. Bxe4 Nf6 17. Rfe1 Be6 18. Rac1 Rbc8 19. Bh6 Rfd8 20. Bxg7 Kxg7 21. Rc5 Bd5 22. Bxd5 Nxd5 23. Ne5 Nf6 24. Qc3 Nd5 25. Qc2 Qb7 26. h4 e6 27. Nxc6 Re8 28. Rc1 Qa8 29. Qe4 Kg8 30. h5 Qb7 31. Ne7+ 1-0


[Site "https://www.chess.com"]

[Event "Titled Tuesday Blitz June 07 Late 2022"]
[White "Golubev, Mikhail"]
[Black "Puranik, Abhimanyu"]
[WhiteFideId "14100983"]
[BlackFideId "5061245"]
[WhiteElo "2374"]
[BlackElo "2520"]
[Result "1-0"]
[Round "03"]
[TimeControl "180+1"]
[Date "2022.06.07"]
[WhiteClock "0:00:05"]
[BlackClock "0:00:07"]

1. e4 e6 2. d4 d5 3. Nc3 Bb4 4. e5 c5 5. a3 Bxc3+ 6. bxc3 Ne7 7. a4 Qa5 8. Bd2 Nbc6 9. Nf3 Bd7 10. Bb5 Qc7 11. O-O Na5 12. Bd3 c4 13. Be2 h6 14. Bc1 Nf5 15. Ba3 b6 16. Qd2 g5 17. g4 Ne7 18. h4 gxh4 19. Nxh4 Ng6 20. Nxg6 fxg6 21. Bd6 Qd8 22. Kg2 Nb7 23. Bb4 Bc6 24. Rh1 g5 25. f4 Kd7 26. f5 Qg8 27. fxe6+ Qxe6 28. Raf1 Rae8 29. Rf6 Qg8 30. Rhxh6 Rxh6 31. Rxh6 Nd8 32. Rd6+ Kc7 33. a5 Ne6 34. axb6+ axb6 35. Bf3 Nf4+ 36. Kg1 Qf7 37. Rf6 Qg7 38. Rxf4 gxf4 39. Qxf4 Qg6 40. Qf5 Rg8 41. Bd6+ Kb7 42. Qxg6 Rxg6 43. Kf2 Kc8 44. Kg3 Kd7 45. Kf4 Ke6 46. g5 Rg8 47. Bg4+ Kf7 48. Bh5+ Kg7 49. Bg4 Be8 50. Bf5 Bg6 51. e6 Re8 52. Be5+ Kh7 53. Bf6 b5 54. Ke5 1-0


[Site "https://www.chess.com"]

[Event "Titled Tuesday Blitz June 07 Late 2022"]
[White "Holt, Conrad"]
[Black "Maltsevskaya, Aleksandra"]
[WhiteFideId "2034387"]
[BlackFideId "24174041"]
[WhiteElo "2586"]
[BlackElo "2243"]
[Result "1-0"]
[Round "03"]
[TimeControl "180+1"]
[Date "2022.06.07"]
[WhiteClock "0:01:35"]
[BlackClock "0:00:25"]

1. d4 Nf6 2. c4 b6 3. Nc3 Bb7 4. Qc2 g6 5. e4 d6 6. Nf3 Bg7 7. Be2 O-O 8. O-O Nbd7 9. Rd1 a5 10. Bf4 h6 11. h3 Qe8 12. e5 Nh5 13. Bh2 dxe5 14. dxe5 Rd8 15. Nd5 Bxd5 16. cxd5 Nc5 17. g4 e6 18. dxe6 Qxe6 19. Qc4 Qc8 20. Rxd8 Rxd8 21. Rd1 Rxd1+ 22. Bxd1 Qd7 23. Be2 Nf6 24. exf6 Bxf6 25. b3 Ne6 26. Bd3 c5 27. Bg3 Kg7 28. Qe4 b5 29. Be5 Bxe5 30. Qxe5+ Kg8 31. Qe3 a4 32. Ne5 Qd4 33. Qxd4 Nxd4 34. bxa4 bxa4 35. Bc4 Kg7 36. Kg2 f5 37. Nd7 h5 38. gxh5 gxh5 39. Nxc5 a3 40. Ne6+ 1-0


[Site "https://www.chess.com"]

[Event "Titled Tuesday Blitz June 07 Late 2022"]
[White "Karacsonyi, Gellert"]
[Black "Onslow, Alfie"]
[WhiteFideId "764620"]
[BlackFideId "436976"]
[WhiteElo "2187"]
[BlackElo "1885"]
[Result "0-1"]
[Round "03"]
[TimeControl "180+1"]
[Date "2022.06.07"]
[WhiteClock "0:00:22"]
[BlackClock "0:00:04"]

1. e4 g6 2. d4 Bg7 3. Nc3 c6 4. Bg5 d5 5. exd5 cxd5 6. h3 Nc6 7. Nf3 Nf6 8. Bd3 Bf5 9. O-O Ne4 10. Bf4 Nxc3 11. bxc3 Bxd3 12. Qxd3 O-O 13. Rfe1 Na5 14. Bg5 Bf6 15. Bh6 Bg7 16. Bxg7 Kxg7 17. Qe3 e6 18. h4 h5 19. Ng5 Nc4 20. Qh3 Qf6 21. Re2 Qf5 22. Qd3 Rac8 23. Rae1 Rc6 24. Nf3 Rfc8 25. Qd1 Qf4 26. Qb1 b6 27. Qb4 Na5 28. Re3 R8c7 29. Ne5 Nc4 30. g3 Qf6 31. Rf3 Qd8 32. Nxc6 Rxc6 33. Rd3 Qc7 34. Qb1 Na3 35. Qd1 Rxc3 36. Rxc3 Qxc3 37. Qd3 Qxe1+ 38. Kg2 Nc4 39. a4 Qe4+ 40. Kf1 Qxd3+ 41. cxd3 Nb2 0-1


[Site "https://www.chess.com"]

[Event "Titled Tuesday Blitz June 07 Late 2022"]
[White "Larino Nieto, David"]
[Black "Livaic, Leon"]
[WhiteFideId "2256444"]
[BlackFideId "14531534"]
[WhiteElo "2532"]
[BlackElo "2540"]
[Result "1/2-1/2"]
[Round "03"]
[TimeControl "180+1"]
[Date "2022.06.07"]
[WhiteClock "0:00:04"]
[BlackClock "0:00:12"]

1. Nf3 Nf6 2. b3 b6 3. Bb2 Bb7 4. g3 g6 5. Bg2 Bg7 6. O-O O-O 7. c4 c5 8. Nc3 d5 9. Nxd5 Nxd5 10. Bxg7 Kxg7 11. cxd5 Qxd5 12. d4 Na6 13. dxc5 Nxc5 14. Qxd5 Bxd5 15. Rfd1 Rfd8 16. Ne5 Bxg2 17. Kxg2 Kf6 18. Nc6 Rdc8 19. Nd4 Ne4 20. Rac1 a5 21. Kf3 Nc5 22. Nb5 Rc6 23. Rc4 Rcc8 24. e4 Ne6 25. Rdc1 Rc5 26. Rxc5 bxc5 27. a4 Rd8 28. Ke3 Nd4 29. Rxc5 Nxb3 30. Rc6+ e6 31. Rc3 Nd2 32. Rc1 Nb3 33. Rc3 Nd2 34. h3 e5 35. Rc6+ Kg7 36. f4 Nf1+ 37. Kf2 Nd2 38. Ke3 exf4+ 39. gxf4 Nb3 40. Rc7 Rd1 41. e5 Kf8 42. Nd6 Re1+ 43. Kf2 Ra1 44. Rxf7+ Kg8 45. Re7 Nc5 46. Rc7 Ne6 47. Rc4 Rb1 48. Ke3 Rb4 49. Rxb4 axb4 50. a5 b3 51. Nc4 Nc5 52. Kd4 Na4 53. a6 Nb6 54. Nb2 Kf7 55. Kc5 Nc8 56. Kc6 Ke6 57. Kb7 Kd7 58. a7 Nxa7 59. Kxa7 Ke6 60. Kb6 g5 61. fxg5 Kxe5 62. Kc5 Kf5 63. h4 Kg4 64. Kc4 Kxh4 65. Kxb3 Kxg5 66. Nd3 h5 67. Kc3 Kg4 68. Kd2 Kg3 69. Ke2 h4 70. Nf2 Kg2 71. Ke3 Kf1 72. Kf3 h3 73. Nxh3 1/2-1/2


[Site "https://www.chess.com"]

[Event "Titled Tuesday Blitz June 07 Late 2022"]
[White "Maghsoodloo, Parham"]
[Black "Abarca Gonzalez, Nicolas"]
[WhiteFideId "12539929"]
[BlackFideId "3409422"]
[WhiteElo "2607"]
[BlackElo "2504"]
[Result "0-1"]
[Round "03"]
[TimeControl "180+1"]
[Date "2022.06.07"]
[WhiteClock "0:00:14"]
[BlackClock "0:00:27"]

1. d4 Nf6 2. c4 e5 3. dxe5 Ng4 4. Bf4 g5 5. Bg3 Bg7 6. Nf3 Nc6 7. Nc3 Ngxe5 8. Nxe5 Nxe5 9. e3 d6 10. h4 g4 11. Qc2 h5 12. Bf4 Ng6 13. g3 Nxf4 14. exf4 O-O 15. Be2 Re8 16. O-O c6 17. Rad1 Qf6 18. Bd3 Bd7 19. Ne4 Qxb2 20. Qxb2 Bxb2 21. Nxd6 Re7 22. Nxb7 Ba3 23. Na5 Rb8 24. Nb3 Rbe8 25. Nd4 Bc5 26. Nb3 Ba3 27. Rb1 Kg7 28. Rfd1 c5 29. Bf1 Bf5 30. Bd3 Bd7 31. Na1 Bc6 32. Nc2 Bb4 33. Nxb4 cxb4 34. Bf1 a5 35. c5 Bf3 36. Rdc1 Rc7 37. a3 bxa3 38. Ra1 Rec8 39. Ba6 Ra8 40. Bd3 Rac8 41. Bf5 Rd8 42. Rxa3 Rxc5 43. Rxf3 Rxc1+ 44. Kh2 gxf3 0-1


[Site "https://www.chess.com"]

[Event "Titled Tuesday Blitz June 07 Late 2022"]
[White "Makaraci, Tunahan"]
[Black "Jaracz, Pawel"]
[WhiteFideId "6356559"]
[BlackFideId "1102222"]
[WhiteElo "1883"]
[BlackElo "2459"]
[Result "0-1"]
[Round "03"]
[TimeControl "180+1"]
[Date "2022.06.07"]
[WhiteClock "0:00:16"]
[BlackClock "0:00:39"]

1. e4 e6 2. d4 d5 3. Nc3 Nf6 4. e5 Nfd7 5. f4 c5 6. Nf3 Be7 7. Be3 O-O 8. Qd2 Qa5 9. dxc5 Nxc5 10. Bd3 b6 11. a3 Ba6 12. Nd4 Bxd3 13. cxd3 Qa6 14. Ke2 Ne4 15. Nxe4 dxe4 16. Kf2 exd3 17. Rhd1 Nd7 18. Qxd3 Qxd3 19. Rxd3 Nc5 20. Rdd1 Rfc8 21. Rac1 a5 22. Kf3 a4 23. g4 Kf8 24. f5 Ke8 25. Nb5 Ra5 26. Bxc5 bxc5 27. Nd6+ Bxd6 28. Rxd6 exf5 29. gxf5 Rb5 30. Rc2 c4 31. Ke4 Rcc5 32. e6 Re5+ 33. Kd4 Rxf5 34. exf7+ Kxf7 35. Rxc4 Rf4+ 36. Kc3 Rxc4+ 37. Kxc4 Rxb2 38. h4 Rb3 39. Rd7+ Kg6 40. Rd6+ Kh5 41. Rd7 Kh6 42. Rd6+ g6 43. Rd7 Rxa3 44. Kb4 Rh3 45. Kxa4 Rxh4+ 46. Kb3 Kg5 47. Kc2 h5 48. Kd1 Re4 49. Rd5+ Kg4 0-1


[Site "https://www.chess.com"]

[Event "Titled Tuesday Blitz June 07 Late 2022"]
[White "Makarian, Rudik"]
[Black "Bortnyk, Olexandr"]
[WhiteFideId "44105681"]
[BlackFideId "14120828"]
[WhiteElo "2398"]
[BlackElo "2723"]
[Result "0-1"]
[Round "03"]
[TimeControl "180+1"]
[Date "2022.06.07"]
[WhiteClock "0:00:01"]
[BlackClock "0:00:05"]

1. d3 d5 2. f4 Bf5 3. Nf3 e6 4. g3 h6 5. Bg2 Nf6 6. O-O Bc5+ 7. Kh1 a6 8. c3 Nbd7 9. Qe1 Ba7 10. Nbd2 Bh7 11. h3 Qe7 12. d4 g5 13. Ne5 O-O-O 14. e3 Rdg8 15. Kh2 h5 16. fxg5 Rxg5 17. Nxd7 Nxd7 18. e4 Rhg8 19. Rf3 c6 20. e5 f6 21. exf6 Nxf6 22. Nf1 R5g7 23. Bf4 Be4 24. Rf2 Bxg2 25. Rxg2 Bb8 26. Bxb8 Kxb8 27. Nd2 Ka8 28. Qe5 Rg5 29. Qf4 Rf5 30. Qe3 Qd6 31. Nf3 h4 32. Nxh4 Rh5 33. Qf3 Rxh4 34. Qxf6 Rgh8 35. Kg1 Rxh3 0-1


[Site "https://www.chess.com"]

[Event "Titled Tuesday Blitz June 07 Late 2022"]
[White "Mamedov, Rauf"]
[Black "Pakleza, Zbigniew"]
[WhiteFideId "13401653"]
[BlackFideId "1119290"]
[WhiteElo "2666"]
[BlackElo "2467"]
[Result "1-0"]
[Round "03"]
[TimeControl "180+1"]
[Date "2022.06.07"]
[WhiteClock "0:02:13"]
[BlackClock "0:00:13"]

1. e4 d6 2. d4 Nf6 3. Nc3 c6 4. Nf3 Bg4 5. Bc4 d5 6. Bb3 e6 7. e5 Nfd7 8. h3 Bxf3 9. Qxf3 c5 10. Nxd5 Nc6 11. c3 cxd4 12. Nf4 Ndxe5 13. Qe4 dxc3 14. bxc3 Be7 15. O-O O-O 16. Rb1 Rb8 17. Be3 Qa5 18. Bd4 Bf6 19. Nh5 Nxd4 20. Nxf6+ gxf6 21. cxd4 Ng6 22. d5 exd5 23. Bxd5 Rfe8 24. Qf3 b6 25. Bb3 Kg7 26. Rbd1 Rbd8 27. Qb7 Nh8 28. Rc1 Rb8 29. Qf3 Rbc8 30. Qg4+ Ng6 31. Rxc8 1-0


[Site "https://www.chess.com"]

[Event "Titled Tuesday Blitz June 07 Late 2022"]
[White "Martinez Alcantara, Jose Eduardo"]
[Black "Vajda, Levente"]
[WhiteFideId "3805662"]
[BlackFideId "1203975"]
[WhiteElo "2703"]
[BlackElo "2573"]
[Result "1-0"]
[Round "03"]
[TimeControl "180+1"]
[Date "2022.06.07"]
[WhiteClock "0:00:27"]
[BlackClock "0:00:30"]

1. e4 e5 2. Nf3 Nc6 3. Bb5 a6 4. Ba4 Nf6 5. d3 d6 6. c3 Be7 7. O-O O-O 8. Nbd2 Re8 9. Re1 Bf8 10. Nf1 g6 11. Ng3 Bg7 12. h3 b5 13. Bb3 Bb7 14. Be3 a5 15. a4 b4 16. d4 bxc3 17. bxc3 exd4 18. cxd4 Nb4 19. e5 Nfd5 20. Bg5 f6 21. exf6 Rxe1+ 22. Qxe1 Bxf6 23. Qe6+ Kh8 24. Ne4 Bxg5 25. Nfxg5 Qe7 26. Qxe7 Nxe7 27. Nf6 Kg7 28. Ng4 Bd5 29. Bxd5 Nexd5 30. Re1 h5 31. Ne3 Re8 32. Rc1 Kf6 33. Nh7+ Kg7 34. Ng5 Kf6 35. h4 Re7 36. Nxd5+ Nxd5 37. Rb1 Nb6 38. Rb5 Re1+ 39. Kh2 Rd1 40. Nf3 Nxa4 41. Rxa5 Nb6 42. Ra7 Rc1 43. Rb7 Nd5 44. Rb8 Rc2 45. Kg3 Nc3 46. Re8 Ne2+ 47. Kh2 Nf4 48. Ng5 c5 49. Rf8+ Ke7 50. Rxf4 c4 51. d5 c3 52. Rc4 Kf6 53. Rxc3 Rd2 54. Ne4+ 1-0


[Site "https://www.chess.com"]

[Event "Titled Tuesday Blitz June 07 Late 2022"]
[White "Meunier-Pion, Jean"]
[Black "Tanenbaum, Zachary"]
[WhiteFideId "20685327"]
[BlackFideId "2060850"]
[WhiteElo "2124"]
[BlackElo "2175"]
[Result "0-1"]
[Round "03"]
[TimeControl "180+1"]
[Date "2022.06.07"]
[WhiteClock "0:00:03"]
[BlackClock "0:00:19"]

1. e4 e5 2. Nf3 Nc6 3. Bb5 a6 4. Ba4 d6 5. d4 b5 6. Bb3 Nxd4 7. Nxd4 exd4 8. Qxd4 c5 9. Qd5 Be6 10. Qc6+ Bd7 11. Qd5 c4 12. Bxc4 bxc4 13. Qxc4 Nf6 14. Nc3 Be7 15. O-O O-O 16. h3 Be6 17. Qd4 Nd7 18. Bf4 Qb6 19. Qd2 Qxb2 20. Rab1 Qa3 21. Rb7 Rfb8 22. Rfb1 Rxb7 23. Rxb7 Rc8 24. Nd5 Bf8 25. Nc7 Nc5 26. Ra7 Nxe4 27. Qd4 Qc5 28. Qxc5 Nxc5 29. Nxa6 Nxa6 30. Rxa6 Rxc2 31. Bxd6 Rxa2 32. Rb6 Bxd6 33. Rxd6 h6 34. h4 Kh7 35. g3 Kg6 36. Rb6 Kf5 37. Rb5+ Kf6 38. Kg2 Bf5 39. Rb4 h5 40. Rc4 g6 41. Rd4 Ke5 42. Rc4 Be4+ 43. Kf1 Bd3+ 44. Kg2 Bxc4 45. Kh3 Rxf2 46. g4 Kf4 47. g5 Be6# 0-1


[Site "https://www.chess.com"]

[Event "Titled Tuesday Blitz June 07 Late 2022"]
[White "Moroni, Luca Jr"]
[Black "Jobava, Baadur"]
[WhiteFideId "865834"]
[BlackFideId "13601520"]
[WhiteElo "2573"]
[BlackElo "2617"]
[Result "1-0"]
[Round "03"]
[TimeControl "180+1"]
[Date "2022.06.07"]
[WhiteClock "0:00:29"]
[BlackClock "0:00:03"]

1. d4 Nf6 2. Bf4 c6 3. e3 d5 4. Nf3 Bg4 5. c4 e6 6. Nc3 Nbd7 7. Qb3 Qb6 8. Nd2 Nh5 9. h3 Nxf4 10. hxg4 Ng6 11. Bd3 Ne7 12. c5 Qxb3 13. axb3 a6 14. f4 g6 15. g5 h5 16. g4 Bg7 17. gxh5 gxh5 18. Kf2 f6 19. gxf6 Nxf6 20. Rag1 Kf7 21. Nf3 Ng4+ 22. Ke2 Bf6 23. Nd1 Rag8 24. Nf2 Nf5 25. Bxf5 exf5 26. Nd3 Ke6 27. Rh3 Rh6 28. Rgh1 Rgh8 29. Ng5+ Ke7 30. Ne5 h4 31. Rxh4 Rxh4 32. Ng6+ Ke8 33. Rxh4 Rg8 34. Ne5 Bxg5 35. fxg5 Nxe5 36. dxe5 Rxg5 37. Rh7 Rg2+ 38. Kd3 Rxb2 39. Rxb7 a5 40. e6 a4 41. b4 a3 42. Kd4 a2 43. Ra7 Rxb4+ 44. Ke5 Rb7 45. Rxa2 Ke7 46. Rh2 Rb3 47. Rh7+ Kf8 48. Kf6 Kg8 49. Rg7+ Kh8 50. Rg3 f4 51. e7 Rb8 52. exf4 d4 53. Kf7 1-0


[Site "https://www.chess.com"]

[Event "Titled Tuesday Blitz June 07 Late 2022"]
[White "Moussard, Jules"]
[Black "Bjelobrk, Igor"]
[WhiteFideId "642908"]
[BlackFideId "4300726"]
[WhiteElo "2589"]
[BlackElo "2335"]
[Result "0-1"]
[Round "03"]
[TimeControl "180+1"]
[Date "2022.06.07"]
[WhiteClock "0:01:24"]
[BlackClock "0:00:29"]

1. f4 g6 2. Nf3 Bg7 3. e4 d5 4. d3 dxe4 5. dxe4 Qxd1+ 6. Kxd1 Bg4 7. c3 Nd7 8. Kc2 Nc5 9. Nbd2 Nf6 10. e5 Nd5 11. Nc4 Bf5+ 12. Kd1 O-O-O 13. Nd4 Bh6 14. g3 Be4 15. Rg1 f6 16. Nd6+ cxd6 17. exf6 exf6 18. Bc4 Rhe8 19. Re1 Nb6 20. Bf1 f5 21. Be3 Bg7 22. b3 a6 23. Kd2 Nd5 24. Bg1 Ne6 25. Rxe4 fxe4 26. Bh3 Bxd4 27. Bxd4 Kc7 28. Bg1 e3+ 29. Kc2 Nc5 30. Re1 a5 31. Bg2 Ne4 32. Bxe3 Nexc3 33. Bd2 Rxe1 34. Bxe1 Re8 35. Bd2 Re2 36. Bf3 Rxh2 37. Kd3 Rh3 38. Be1 b5 39. a3 b4 40. axb4 axb4 41. Bg4 Rh1 42. Bf2 Rb1 43. Kc2 Rf1 44. Bd4 h5 45. Be6 Re1 46. Bf7 Re2+ 47. Kd3 Rg2 48. Kc4 Rxg3 49. f5 gxf5 50. Bxh5 f4 51. Bf2 Rh3 52. Bg4 Rh2 53. Ba7 Ne3+ 54. Kxb4 Nxg4 55. Kxc3 f3 56. Kd3 f2 57. Ke2 Rh1 58. Bxf2 Rh2 59. Kf3 Rxf2+ 60. Kxg4 Rb2 61. Kf4 Rxb3 62. Ke4 Rb5 63. Kd4 Re5 64. Kd3 Kc6 0-1


[Site "https://www.chess.com"]

[Event "Titled Tuesday Blitz June 07 Late 2022"]
[White "Rasulov, Vugar"]
[Black "Nakamura, Hikaru"]
[WhiteFideId "13402390"]
[BlackFideId "2016192"]
[WhiteElo "2560"]
[BlackElo "2850"]
[Result "0-1"]
[Round "03"]
[TimeControl "180+1"]
[Date "2022.06.07"]
[WhiteClock "0:00:07"]
[BlackClock "0:00:11"]

1. d4 Nf6 2. c4 e6 3. Nf3 b6 4. g3 Bb7 5. Bg2 Bb4+ 6. Bd2 Be7 7. O-O O-O 8. Nc3 d5 9. Ne5 Nbd7 10. Qa4 Nxe5 11. dxe5 Ne8 12. Rad1 c6 13. cxd5 cxd5 14. e4 d4 15. Be3 dxe3 16. Rxd8 exf2+ 17. Rxf2 Bxd8 18. Rd2 a6 19. Nd5 b5 20. Qd4 exd5 21. exd5 Nc7 22. Rc2 Rb8 23. Kf1 Na8 24. d6 Bxg2+ 25. Kxg2 Nb6 26. Rc6 Re8 27. b3 Nd7 28. Qa7 Nxe5 29. Qxb8 Nxc6 30. Qc8 Nd4 31. d7 Rf8 32. Qxa6 h5 33. a4 bxa4 34. bxa4 Nb3 35. Qb5 Na5 36. Qxh5 g6 37. Qd5 Kg7 38. h4 Rh8 39. Qd4+ Bf6 40. Qc5 Rh5 41. Qd6 Rh8 42. Qd5 Bd8 43. Kf3 Rh5 44. Qd4+ Kg8 45. Kg4 Nc6 46. Qd6 Ne5+ 47. Kh3 Kg7 48. Qb8 Nc6 49. Qb2+ Kf8 50. Qc3 Na5 51. Qb4+ Kg7 52. Qb8 Rh8 53. Qe5+ Kh7 54. Kg4 Rg8 55. Kf3 Rf8 56. h5 gxh5 57. Qxh5+ Kg7 58. Qe5+ Kg6 59. g4 Kh7 60. Kg3 Kg6 61. Kf4 Kh7 62. Kf5 Kg8 63. Qd5 Kg7 64. g5 Kh7 65. Qh1+ Kg7 66. Qh6+ Kg8 67. Qd6 Nc4 68. Qd4 Na5 69. g6 Nc6 70. Qc5 Ne7+ 71. Ke4 f5+ 72. Kd3 Nxg6 73. a5 Rf7 74. Qc4 Ne5+ 75. Kd4 Nxc4 76. Kxc4 Bxa5 0-1


[Site "https://www.chess.com"]

[Event "Titled Tuesday Blitz June 07 Late 2022"]
[White "Rychagov, Andrey"]
[Black "Paravyan, David"]
[WhiteFideId "4119932"]
[BlackFideId "4194985"]
[WhiteElo "2460"]
[BlackElo "2569"]
[Result "0-1"]
[Round "03"]
[TimeControl "180+1"]
[Date "2022.06.07"]
[WhiteClock "0:00:01"]
[BlackClock "0:00:10"]

1. d4 Nf6 2. c4 g6 3. Nc3 d5 4. cxd5 Nxd5 5. Bd2 Bg7 6. e4 Nxc3 7. Bxc3 Nc6 8. Bb5 O-O 9. Ne2 Qd6 10. O-O Rd8 11. Bxc6 bxc6 12. Qa4 a5 13. Rfd1 Ba6 14. Ng3 h5 15. e5 Qd5 16. Qxa5 Qxa5 17. Bxa5 h4 18. Ne4 Be2 19. Rd2 Rxa5 20. Rxe2 Rxd4 21. f4 g5 22. Nxg5 Rxf4 23. Nf3 h3 24. a3 f6 25. e6 f5 26. Rc1 c5 27. Rd1 Bf6 28. Rd5 Re4 29. Rxe4 fxe4 30. Ng5 Ra4 31. Nxh3 Bxb2 32. Kf1 Bd4 33. Rd7 Kg7 34. Rxe7+ Kf6 35. Re8 Rxa3 36. Nf4 c6 37. Nh5+ Ke5 38. e7 Ra1+ 39. Ke2 Ra2+ 40. Kd1 Kd6 41. Ng3 Kd7 42. Rg8 Kxe7 43. Nxe4 Ke6 44. Rg6+ Kf5 45. Rxc6 Kxe4 0-1


[Site "https://www.chess.com"]

[Event "Titled Tuesday Blitz June 07 Late 2022"]
[White "Shimanov, Aleksandr"]
[Black "Van Dael, Siem"]
[WhiteFideId "4198603"]
[BlackFideId "1049771"]
[WhiteElo "2605"]
[BlackElo "2113"]
[Result "1-0"]
[Round "03"]
[TimeControl "180+1"]
[Date "2022.06.07"]
[WhiteClock "0:02:10"]
[BlackClock "0:01:42"]

1. e4 e5 2. Nf3 Nf6 3. Nc3 Nc6 4. h3 d5 5. exd5 Nxd5 6. Bb5 Nxc3 7. bxc3 Bd6 8. O-O O-O 9. Re1 Qf6 10. d4 exd4 11. cxd4 h6 12. Bb2 Qg6 13. Bd3 Qh5 14. c4 Bf5 15. d5 Nb4 16. Bxf5 Qxf5 17. Nd4 Qd3 18. Qg4 f5 19. Nxf5 1-0


[Site "https://www.chess.com"]

[Event "Titled Tuesday Blitz June 07 Late 2022"]
[White "Sjugirov, Sanan"]
[Black "Rosen, Eric"]
[WhiteFideId "4189302"]
[BlackFideId "2032562"]
[WhiteElo "2602"]
[BlackElo "2362"]
[Result "1-0"]
[Round "03"]
[TimeControl "180+1"]
[Date "2022.06.07"]
[WhiteClock "0:00:09"]
[BlackClock "0:00:02"]

1. Nf3 Nf6 2. g3 b5 3. Bg2 Bb7 4. O-O e6 5. d3 c5 6. e4 d6 7. Ng5 h6 8. Nh3 Nc6 9. f4 Be7 10. Nf2 a5 11. Be3 Qc7 12. Nc3 b4 13. Nb5 Qb6 14. a4 bxa3 15. Nxa3 Ba6 16. b3 O-O 17. g4 Nd4 18. h4 Nd7 19. g5 Rfe8 20. Nc4 Bxc4 21. dxc4 a4 22. bxa4 Qb2 23. Bxd4 cxd4 24. Nd3 Qc3 25. gxh6 gxh6 26. f5 Bxh4 27. fxe6 Rxe6 28. Qh5 Bf6 29. Bh3 Rae8 30. Bxe6 Rxe6 31. Rac1 Ne5 32. Qh3 Bg7 33. Kh1 Rg6 34. Rg1 h5 35. Rxg6 Nxg6 36. Rf1 Ne5 37. Qc8+ Kh7 38. Qf5+ Kg8 39. Nxe5 dxe5 40. Qxf7+ Kh7 41. Qxh5+ Kg8 42. Qf7+ Kh7 43. Qf5+ Kg8 44. Qf7+ Kh7 45. Qf3 Qxc4 46. Qh3+ Kg8 47. Qb3 Qxb3 48. cxb3 Bf8 49. Kg2 Bb4 50. Kf3 Kf7 51. Ke2+ Ke6 52. Kd3 Kd6 53. Rh1 Kc5 54. Rh5 Bc3 55. Rxe5+ Kb4 56. Rb5+ Ka3 57. e5 Bb2 58. e6 Bc3 59. e7 Bb2 60. e8=Q Ka2 61. Qe2 Ka1 62. Qxb2+ Kxb2 63. Kxd4 Ka3 64. a5 1-0


[Site "https://www.chess.com"]

[Event "Titled Tuesday Blitz June 07 Late 2022"]
[White "Svane, Frederik"]
[Black "Korchmar, Vasiliy"]
[WhiteFideId "12923044"]
[BlackFideId "24131750"]
[WhiteElo "2459"]
[BlackElo "2370"]
[Result "1-0"]
[Round "03"]
[TimeControl "180+1"]
[Date "2022.06.07"]
[WhiteClock "0:00:08"]
[BlackClock "0:00:02"]

1. a3 d5 2. d4 Nf6 3. e3 Bg4 4. Be2 Bxe2 5. Qxe2 Nbd7 6. Nf3 e6 7. b4 Bd6 8. Bb2 O-O 9. c4 dxc4 10. Qxc4 Re8 11. O-O e5 12. dxe5 Nxe5 13. Nxe5 Bxe5 14. Bxe5 Rxe5 15. Nc3 Qe7 16. Rad1 c6 17. Qd4 a5 18. Qc4 h6 19. b5 Qxa3 20. bxc6 bxc6 21. Qxc6 Rae8 22. Ne2 Qc5 23. Qa4 Nd5 24. Rc1 Qb4 25. Qa2 Qb6 26. Nd4 Nb4 27. Qc4 Qb7 28. Nf3 R5e6 29. Ra1 Ra8 30. Rfb1 Rg6 31. Kh1 Rb6 32. h3 Rc8 33. Qf1 Ra8 34. Ra4 Nd5 35. Rba1 Rb5 36. Nd4 Rc5 37. Rc4 Rxc4 38. Qxc4 Nb4 39. Nb3 Qb6 40. Nd4 Qd8 41. Qb5 Qc7 42. Qa4 Qd8 43. Qb5 Qc7 44. Qf5 Qe7 45. Rxa5 Rd8 46. Ra1 Nd5 47. Rf1 Nc3 48. Qc2 Ne4 49. Kg1 g6 50. Nc6 Qc7 51. Qxe4 Rd6 52. Nd4 Rf6 53. Qc2 Qa5 54. Nf3 Qh5 55. Qe2 g5 56. Qb5 Qg6 57. Qe5 Rf5 58. Qg3 h5 59. Rd1 g4 60. hxg4 hxg4 61. Ne5 Qe6 62. Nxg4 Rg5 63. Rd4 f5 64. Rd6 Rxg4 65. Qxg4+ 1-0


[Site "https://www.chess.com"]

[Event "Titled Tuesday Blitz June 07 Late 2022"]
[White "Tahbaz, Arash"]
[Black "Alexiadis, Hristos"]
[WhiteFideId "12528846"]
[BlackFideId "4249623"]
[WhiteElo "2389"]
[BlackElo "2416"]
[Result "1/2-1/2"]
[Round "03"]
[TimeControl "180+1"]
[Date "2022.06.07"]
[WhiteClock "0:00:13"]
[BlackClock "0:00:14"]

1. Nf3 Nf6 2. g3 d5 3. Bg2 c6 4. O-O Bg4 5. d3 Nbd7 6. Nbd2 e5 7. e4 dxe4 8. dxe4 Be7 9. h3 Bh5 10. Qe1 O-O 11. b3 Re8 12. Bb2 Qc7 13. Nc4 Bf8 14. Nh4 Nc5 15. Nf5 b5 16. Nd2 Ne6 17. Nf3 Nd7 18. Rd1 f6 19. Qe2 Rad8 20. Rd2 Bb4 21. Rd3 Bf8 22. Rfd1 Ndc5 23. Rxd8 Rxd8 24. Rxd8 Qxd8 25. g4 Nf4 26. Qd2 Qxd2 27. Nxd2 Bf7 28. Bf1 a6 29. Ne3 h5 30. c4 hxg4 31. hxg4 Ncd3 32. Bxd3 Nxd3 33. Bc3 Bc5 34. Kf1 Bxe3 35. fxe3 Be6 36. g5 b4 37. Ba1 Bg4 38. gxf6 gxf6 39. c5 a5 40. Nc4 Nxc5 41. Nxa5 Nxe4 42. Nxc6 Nd2+ 43. Ke1 Nf3+ 44. Kf2 Ng5 45. Nxb4 Bf5 46. Nd5 Kf7 47. Nc3 Ne4+ 48. Nxe4 Bxe4 49. Ke2 Ke6 50. Kd2 f5 51. Kc3 f4 52. exf4 exf4 53. Kd4 Bb1 54. a3 Ba2 55. b4 Bb3 56. Bc3 Ba4 57. Kc5 f3 58. Bd4 Kd7 59. b5 Kc7 60. Kb4 Bd1 61. a4 Kb7 62. Bf2 Be2 63. Bg1 Ka8 64. Be3 Kb7 65. Kc5 Bd3 66. Bf2 Be2 67. Bg1 Bd3 68. Kd4 Be2 69. Bf2 Bf1 70. Kc3 Be2 71. Kb4 Bf1 72. Kc5 Be2 73. Be3 Bf1 74. a5 Bxb5 75. Kxb5 f2 76. Bxf2 Ka8 77. a6 Kb8 78. a7+ Ka8 79. Ka6 1/2-1/2


[Site "https://www.chess.com"]

[Event "Titled Tuesday Blitz June 07 Late 2022"]
[White "Terry, Renato"]
[Black "Maksimovic, Bojan"]
[WhiteFideId "3803457"]
[BlackFideId "14408120"]
[WhiteElo "2577"]
[BlackElo "2453"]
[Result "1/2-1/2"]
[Round "03"]
[TimeControl "180+1"]
[Date "2022.06.07"]
[WhiteClock "0:00:45"]
[BlackClock "0:00:16"]

1. d4 Nf6 2. Nf3 g6 3. Bg5 Bg7 4. c3 O-O 5. Nbd2 d5 6. e3 c6 7. Bd3 Bf5 8. Bxf5 gxf5 9. Qb3 Qb6 10. Ne5 e6 11. O-O Nbd7 12. f4 Rac8 13. h3 h6 14. Bh4 Qxb3 15. axb3 a6 16. b4 Kh7 17. Nd3 Ne4 18. Nxe4 fxe4 19. Nc5 Nxc5 20. bxc5 f5 21. Be7 Rf7 22. Bd6 h5 23. Kh2 Rg8 24. Rg1 Bf6 25. g3 Bd8 26. Be5 Rg6 27. Rg2 Kg8 28. Kg1 Rf8 29. Kf2 Kf7 30. Rh1 Rfg8 31. g4 Bh4+ 32. Kf1 hxg4 33. hxg4 Rxg4 34. Rgh2 Bf6 35. Rh7+ R4g7 36. R1h6 Bxe5 37. dxe5 Rxh7 38. Rxh7+ Rg7 39. Rh8 Rg8 40. Rh7+ Rg7 41. Rh6 Rg6 42. Rh7+ Rg7 1/2-1/2


[Site "https://www.chess.com"]